 Dungeon Crawl Stone Soup version 0.9-a1-557-g5288b87 character file.

201 vogonpoet the Caller (level 4, 0/21 HPs)
             Began as a Kenku Summoner on June 16, 2011.
             Was an Initiate of Sif Muna.
             Slain by Gandelf's ghost (5 damage)
             ... on Level 4 of the Dungeon.
             The game lasted 00:13:59 (3014 turns).

vogonpoet the Caller (Kenku Summoner)               Turns: 3014, Time: 00:13:59

HP   0/21        AC  3     Str  9 Exp: 4/93 (0), need: 88
MP   1/7         EV 12     Int 16      God: Sif Muna [......]
Gold 136         SH  0     Dex 14      Spells:  2 memorised,  2 levels left

Res.Fire  : . . .   See Invis. : .   l - +2,+0 elf sabre
Res.Cold  : . . .   Warding    : . . a - +0 robe
Life Prot.: . . .   Conserve   : .   (no shield)
Res.Acid. : . . .   Res.Corr.  : .   m - +1 wizard hat
Res.Poison: .       Clarity    : .   (no cloak)
Res.Elec. : .       Spirit.Shd : .   (no gloves)
Sust.Abil.: . .     Stasis     : .   (boots unavailable)
Res.Mut.  : .       Ctrl.Telep.: .   (no amulet)
Res.Rott. : .       Levitation : .   (no ring)
Saprovore : . . .   Ctrl.Flight: .   (no ring)

@: slightly resistant to hostile enchantments, fairly stealthy
A: beak, talons 3
a: Renounce Religion


You were on level 4 of the Dungeon.
You worshipped Sif Muna.
Sif Muna was pleased with you.
You were not hungry.

You visited 1 branch of the dungeon, and saw 4 of its levels.

You collected 116 gold pieces.

Inventory:

Hand weapons
 i - a -1,+1 orcish dagger
 l - a +2,+0 elven sabre (weapon)
 n - a +2,+0 elven dagger
 w - a +1,+0 elven short sword
 E - a -1,+1 orcish dagger
Missiles
 f - 59 +0 sling bullets
 j - 87 +0 darts (quivered)
 s - 13 +4 sling bullets
Armour
 a - a +0 robe (worn)
 m - a +1 wizard hat (worn)
Comestibles
 c - 3 bread rations
 p - an apple
 z - 2 meat rations
 F - a chunk of hobgoblin flesh
Scrolls
 e - 2 scrolls of amnesia {unknown}
 k - a scroll of detect curse {unknown}
 o - 2 scrolls of curse weapon {unknown}
 q - a scroll of recharging {unknown}
 r - a scroll of curse jewellery {unknown}
 t - a scroll of teleportation {unknown}
 u - a scroll of fear {unknown}
 v - a scroll of enchant armour {unknown}
 y - a scroll of remove curse {unknown}
Jewellery
 h - a +5 ring of dexterity {unknown}
Potions
 d - a potion of degeneration {unknown}
 g - a potion of paralysis {unknown}
 x - a potion of healing {unknown}
 A - a potion of cure mutation {unknown}
 B - a potion of resistance {unknown}
Books
 b - a book of Callings

   Spells                             Type                      Level
   *Summon Small Mammals              Summoning                    1
   *Call Imp                          Summoning                    2
   Call Canine Familiar               Summoning                    3
   Summon Scorpions                   Summoning/Poison             4
   Summon Ice Beast                   Ice/Summoning                5
 C - a book of Enchantments

   Spells                             Type                      Level
   Levitation                         Charms/Air                   2
   Tukima's Dance                     Hexes                        3
   See Invisible                      Charms                       4
   Cause Fear                         Hexes                        5
   Deflect Missiles                   Charms/Air                   6
   Haste                              Charms                       6
   You had 0 experience left.


   Skills:
 - Level 2 Dodging
 - Level 3 Stealth
 + Level 1 Spellcasting
 + Level 6 Summonings


You had 2 spell levels left.
You knew the following spells:

 Your Spells              Type           Power        Success   Level  Hunger
a - Summon Small Mammals  Summ           ####.        Excellent   1    Strawberry
b - Call Imp              Summ           ####......   Excellent   2    Choko

Dungeon Overview and Level Annotations

Branches:
Dungeon (4/27)
 Temple: D:4-7

Altars:
Ashenzari
Elyvilon
Sif Muna


Innate Abilities, Weirdness & Mutations

You have a beak for a mouth.
You have claws for feet.


Message History

Your imp blinks!
Your imp misses Gandelf's ghost.
Your imp hits Gandelf's ghost but does no damage.
Gandelf's ghost barely misses your imp. Gandelf's ghost hits your imp!
Your imp blinks!
Your imp hits Gandelf's ghost but does no damage.
Gandelf's ghost hits your imp.
Your imp dies!
Your imp blinks!
Gandelf's ghost hits you!
Ouch! That really hurt!
* * * LOW HITPOINT WARNING * * *
You hit Gandelf's ghost. Your kick misses Gandelf's ghost.
Gandelf's ghost is lightly damaged.
Gandelf's ghost hits you but does no damage.
You barely miss Gandelf's ghost.
You claw Gandelf's ghost, but do no damage.
Gandelf's ghost is lightly damaged.
Gandelf's ghost hits you.
You die...

#........#.# #.#
###.##.......# #.#
.....+.......# #.#
###..#.......# #.#
##.#######.# #.#
####.# #5# #.#
#....# #.# #.#
#....# #.#####.#
#....#### #.5.p@..#
###.....############
#.....'........
#.....###########
#.......5........
#.....###########
##.#.......
#.#.#######
#.#.......####


You could see Gandelf's ghost and a friendly imp.

Vanquished Creatures
  An orc (D:3)
  3 giant cockroaches
  4 goblins
  2 hobgoblins
  3 kobolds
  A quokka (D:3)
  3 bats
  A giant newt (D:1)
  A quokka skeleton (D:4)
  8 rats
  A toadstool (D:1)
28 creatures vanquished.

Vanquished Creatures (collateral kills)
  A snake (D:2)
  2 worms
  3 oozes
  5 orcs (D:3)
  5 goblins
  2 hobgoblins
  2 bats
  A giant cockroach (D:2)
  A giant newt (D:1)
  8 kobolds
  2 rats
32 creatures vanquished.

Vanquished Creatures (others)
  An imp (D:4)
  A shadow imp (D:4)
  A bat (D:1)
  4 rats (D:1)
7 creatures vanquished.

Grand Total: 67 creatures vanquished

Notes
Turn   | Place    | Note
--------------------------------------------------------------
     0 | D:1      | vogonpoet, the Kenku Summoner, began the quest for the Orb.
     0 | D:1      | Reached XP level 1. HP: 8/8 MP: 3/3
   681 | D:1      | Reached XP level 2. HP: 12/12 MP: 1/4
   756 | D:1      | Learned a level 2 spell: Call Imp
  1069 | D:2      | Found a deep blue altar of Sif Muna.
  1072 | D:2      | Became a worshipper of Sif Muna the Loreminder
  1247 | D:2      | Found a shattered altar of Ashenzari.
  1350 | D:2      | Reached XP level 3. HP: 14/16 MP: 0/5
  1549 | D:2      | Reached skill level 6 in Summonings
  1800 | D:3      | Found a white marble altar of Elyvilon.
  2911 | D:4      | Reached XP level 4. HP: 9/21 MP: 2/7
  2978 | D:4      | Noticed Grinder
  2990 | D:4      | Noticed Gandelf's ghost (average DDBe)
  3014 | D:4      | Slain by Gandelf's ghost
